[Event "Anderssen Festival 2019"]
[Site "Wroclaw"]
[Date "2019.08.10"]
[Round "8.10"]
[White "Mitchell, Martin"]
[Black "Socha, Kamil"]
[Result "1-0"]
[ECO "E46"]
[WhiteElo "2218"]
[BlackElo "1741"]
[Annotator "NA"]
[PlyCount "167"]
[EventDate "2019.08.05"]
[EventType "swiss"]
[EventCountry "POL"]
[SourceTitle "playchess.com"]
[Source "ChessBase"]
[SourceQuality "1"]
[TimeControl "40/5400+30:900+30"]

1. d4 Nf6 2. c4 e6 3. Nc3 Bb4 4. e3 O-O 5. Nge2 d5 6. a3 Be7 7. cxd5 exd5 8. Nf4 c6 9. Bd3 Re8 10. O-O Nbd7 11. b4 b5 12. e4 dxe4 13. Nxe4 a5 14. bxa5 Rxa5 15. Qb3 Qc7 16. Ng5 Rf8 17. Nfe6 fxe6 18. Qxe6+ Kh8 19. Qxe7 Re8 20. Qd6 Qxd6 21. Nf7+ Kg8 22. Nxd6 Rd8 23. Bf5 Nb6 24. Nxc8 Nxc8 25. Be6+ Kf8 26. Bd2 Ra7 27. Bb4+ Ne7 28. Rac1 Nfd5 29. Bc5 Rb7 30. g3 g6 31. Rfe1 Kg7 32. f4 Ra8 33. Bg4 Ra4 34. Bd1 Ra8 35. Re6 Kf7 36. Rd6 b4 37. axb4 Nxb4 38. Rb1 Rab8 39. Bb3+ Nbd5 40. Bxd5+ cxd5 41. Rxb7 Rxb7 42. g4 Rc7 43. Rd8 h6 44. Kf2 Ng8 45. h3 Nf6 46. Kf3 Nd7 47. Bd6 Rc3+ 48. Kg2 Nf6 49. Rf8+ Kg7 50. Ra8 Rc2+ 51. Kf3 Rc3+ 52. Ke2 Ne4 53. Be5+ Kf7 54. Ra7+ Ke6 55. Rg7 Rxh3 56. Rxg6+ Kf7 57. Rg7+ Ke8 58. f5 Ng5 59. Bf4 Nf7 60. Rg6 Ke7 61. Be5 Rb3 62. Re6+ Kd7 63. Bf4 Rh3 64. Kf2 Rh4 65. Kg3 Rh1 66. Ra6 Rg1+ 67. Kh3 Rf1 68. Ra7+ Ke8 69. Be5 Re1 70. Bf6 Ng5+ 71. Bxg5 hxg5 72. Rg7 Re3+ 73. Kg2 Re4 74. Rxg5 Rxd4 75. Kf3 Rd1 76. Rg6 Kf7 77. Rd6 Ke7 78. Re6+ Kf7 79. g5 Rf1+ 80. Kg4 Rg1+ 81. Kf4 d4 82. g6+ Kg7 83. Re7+ Kh6 84. Rh7# 1-0

[Event "Anderssen Festival 2019"]
[Site "Wroclaw"]
[Date "2019.08.10"]
[Round "8.11"]
[White "Smal, Tobiasz"]
[Black "Rog, Mateusz"]
[Result "1-0"]
[ECO "E85"]
[WhiteElo "2027"]
[BlackElo "1473"]
[Annotator "NA"]
[PlyCount "71"]
[EventDate "2019.08.05"]
[EventType "swiss"]
[EventCountry "POL"]
[SourceTitle "playchess.com"]
[Source "ChessBase"]
[SourceQuality "1"]
[TimeControl "40/5400+30:900+30"]

1. c4 Nf6 2. Nc3 g6 3. e4 d6 4. d4 Bg7 5. f3 O-O 6. Be3 e5 7. Nge2 Nbd7 8. Qd2 c6 9. O-O-O a6 10. Kb1 b5 11. Nc1 b4 12. N3e2 a5 13. Bh6 Rb8 14. h4 a4 15. h5 Qe7 16. Ng3 Re8 17. Bxg7 Kxg7 18. Qg5 Kh8 19. hxg6 fxg6 20. Qxg6 Nf8 21. Qh6 Ng8 22. Qe3 a3 23. b3 Qa7 24. c5 dxc5 25. dxc5 Nd7 26. Nd3 Ndf6 27. Nh5 Qf7 28. Qg5 Nxh5 29. Rxh5 Nf6 30. Nxe5 Qxh5 31. Qxf6+ Kg8 32. Bc4+ Be6 33. Bxe6+ Rxe6 34. Qxe6+ Kh8 35. Qf6+ Kg8 36. Ng4 1-0

[Event "Anderssen Festival 2019"]
[Site "Wroclaw"]
[Date "2019.08.10"]
[Round "8.13"]
[White "Luberanski, Jakub"]
[Black "Ochman, Sebastian"]
[Result "1/2-1/2"]
[ECO "D31"]
[WhiteElo "2010"]
[BlackElo "1789"]
[Annotator "NA"]
[PlyCount "120"]
[EventDate "2019.08.05"]
[EventType "swiss"]
[EventCountry "POL"]
[SourceTitle "playchess.com"]
[Source "ChessBase"]
[SourceQuality "1"]
[TimeControl "40/5400+30:900+30"]

1. d4 d5 2. c4 c6 3. Nf3 e6 4. Nc3 dxc4 5. a4 Bb4 6. e4 b5 7. Bd2 a5 8. axb5 Bxc3 9. bxc3 cxb5 10. Be2 Nc6 11. e5 h6 12. Qc2 Nge7 13. h4 Ba6 14. O-O O-O 15. h5 b4 16. cxb4 axb4 17. Bxc4 Bxc4 18. Qxc4 Rxa1 19. Rxa1 Qd5 20. Qxd5 Nxd5 21. Kf1 Rc8 22. Rc1 Kf8 23. Ke2 Ke8 24. Kd3 Kd7 25. g4 Ra8 26. g5 Ra3+ 27. Ke4 f5+ 28. gxf6 gxf6 29. Nh4 Rh3 30. Nf5 Rxh5 31. Ng7 Rh4+ 32. f4 Nce7 33. exf6 Nxf6+ 34. Ke5 Ng4+ 35. Ke4 Nd5 36. Nxe6 Kxe6 37. Rc6+ Kd7 38. Kxd5 Rh5+ 39. f5 Rxf5+ 40. Ke4 Kxc6 41. Kxf5 b3 42. d5+ Kxd5 43. Bc3 Kc4 44. Ba1 Ne3+ 45. Kg6 Nc2 46. Bb2 Kd3 47. Kxh6 Nb4 48. Kg5 Kc2 49. Ba1 Na2 50. Kg4 Kb1 51. Bg7 Kc1 52. Ba1 Kb1 53. Bg7 Kc2 54. Ba1 Kd2 55. Kh3 Nb4 56. Kh2 Kc1 57. Kh1 Nc2 58. Bg7 Ne3 59. Ba1 b2 60. Bxb2+ Kxb2 1/2-1/2

[Event "Anderssen Festival 2019"]
[Site "Wroclaw"]
[Date "2019.08.10"]
[Round "8.14"]
[White "Glotz, Uwe"]
[Black "Wieczorek, Zbigniew"]
[Result "0-1"]
[ECO "B06"]
[WhiteElo "1843"]
[BlackElo "2235"]
[Annotator "NA"]
[PlyCount "78"]
[EventDate "2019.08.05"]
[EventType "swiss"]
[EventCountry "POL"]
[SourceTitle "playchess.com"]
[Source "ChessBase"]
[SourceQuality "1"]
[TimeControl "40/5400+30:900+30"]

1. e4 g6 2. d4 Bg7 3. f4 c6 4. Nf3 d5 5. e5 Nh6 6. h3 f6 7. Be2 Bf5 8. O-O O-O 9. g4 Be4 10. Bd3 Bxf3 11. Rxf3 fxe5 12. dxe5 e6 13. Kg2 Nd7 14. g5 Nf5 15. Bxf5 Rxf5 16. h4 Qe7 17. Rh3 Raf8 18. Be3 c5 19. c3 Qf7 20. Na3 a6 21. Nc2 Rxf4 22. Bxf4 Qxf4 23. Qe2 Nxe5 24. Rf1 Qxf1+ 25. Qxf1 Rxf1 26. Kxf1 Nc4 27. b3 Nd2+ 28. Ke2 Ne4 29. c4 d4 30. a4 Nc3+ 31. Kd2 e5 32. Rh1 e4 33. Re1 Be5 34. Rf1 Bg3 35. h5 Bh4 36. Rg1 gxh5 37. g6 h6 38. Rf1 Bg5+ 39. Ke1 d3 0-1

[Event "Anderssen Festival 2019"]
[Site "Wroclaw"]
[Date "2019.08.10"]
[Round "8.15"]
[White "Owoc, Jakub"]
[Black "Verwoert, Jef"]
[Result "1/2-1/2"]
[ECO "B22"]
[WhiteElo "1614"]
[BlackElo "2034"]
[Annotator "NA"]
[PlyCount "47"]
[EventDate "2019.08.05"]
[EventType "swiss"]
[EventCountry "POL"]
[SourceTitle "playchess.com"]
[Source "ChessBase"]
[SourceQuality "1"]
[TimeControl "40/5400+30:900+30"]

1. e4 c5 2. c3 e6 3. d4 d5 4. exd5 Qxd5 5. Nf3 Nc6 6. Be3 cxd4 7. cxd4 Nf6 8. Nc3 Qa5 9. Bc4 Be7 10. O-O O-O 11. h3 a6 12. a4 Rd8 13. Qe2 Qh5 14. Rfd1 Nd5 15. Ne4 Nxe3 16. Qxe3 Nb4 17. Qe2 Nd5 18. Ng3 Qg6 19. Ne5 Qg5 20. Ne4 Qf5 21. Ng3 Qf4 22. Qe4 Qxe4 23. Nxe4 f6 24. Nf3 1/2-1/2

[Event "Anderssen Festival 2019"]
[Site "Wroclaw"]
[Date "2019.08.10"]
[Round "8.16"]
[White "Jablonska, Sabina"]
[Black "Zerebiec, Maurycy"]
[Result "1/2-1/2"]
[ECO "A45"]
[WhiteElo "1963"]
[BlackElo "1708"]
[Annotator "NA"]
[PlyCount "151"]
[EventDate "2019.08.05"]
[EventType "swiss"]
[EventCountry "POL"]
[SourceTitle "playchess.com"]
[Source "ChessBase"]
[SourceQuality "1"]
[TimeControl "40/5400+30:900+30"]

1. d4 Nf6 2. Bf4 d5 3. e3 c5 4. c3 Nc6 5. Nd2 Bf5 6. Qb3 Qb6 7. dxc5 Qxb3 8. axb3 e5 9. Bg3 Bxc5 10. b4 Bd6 11. b5 Ne7 12. Ngf3 Nd7 13. Be2 f6 14. O-O h5 15. h4 Bg4 16. e4 Nc5 17. exd5 Nxd5 18. Bc4 Nb6 19. b4 Nca4 20. Ne4 Nxc4 21. Rxa4 Bf5 22. Nxd6+ Nxd6 23. Rfa1 Nc8 24. Nd2 Bd3 25. c4 O-O 26. R4a3 Rd8 27. f3 Bc2 28. Nf1 Rd3 29. Bf2 Rxa3 30. Rxa3 Nd6 31. b6 a6 32. Ne3 Bg6 33. Ra1 Bf7 34. c5 Nb5 35. Rd1 Nd4 36. Nf1 Nc6 37. Rb1 Be6 38. Ng3 Bf7 39. Rb2 Bg6 40. Be1 Rd8 41. Ne2 Kf7 42. Nc3 Bd3 43. Bf2 Ke6 44. Be3 Kf5 45. Kf2 g5 46. hxg5 fxg5 47. Bd2 Nd4 48. Nd1 Nc2 49. Bc3 e4 50. Rxc2 Bxc2 51. Ne3+ Ke6 52. Nxc2 Rd3 53. Be1 exf3 54. gxf3 Rd7 55. Ke3 Kd5 56. Bg3 Re7+ 57. Kd3 Rf7 58. Ne3+ Kc6 59. Ke4 Re7+ 60. Be5 a5 61. bxa5 Kxc5 62. Nf5 Rh7 63. Bc7 Kb5 64. Nd6+ Kc6 65. Kf5 h4 66. Kxg5 h3 67. Ne4 h2 68. Nf2 h1=Q 69. Nxh1 Rxh1 70. f4 Ra1 71. f5 Rxa5 72. Kg6 Ra1 73. f6 Rg1+ 74. Kf7 Kd7 75. Bf4 Rb1 76. Bc7 1/2-1/2

[Event "Anderssen Festival 2019"]
[Site "Wroclaw"]
[Date "2019.08.10"]
[Round "8.17"]
[White "Pawicka, Magdalena"]
[Black "Korpalski, Maciej"]
[Result "0-1"]
[ECO "B90"]
[WhiteElo "1700"]
[BlackElo "1954"]
[Annotator "NA"]
[PlyCount "70"]
[EventDate "2019.08.05"]
[EventType "swiss"]
[EventCountry "POL"]
[SourceTitle "playchess.com"]
[Source "ChessBase"]
[SourceQuality "1"]
[TimeControl "40/5400+30:900+30"]

1. e4 c5 2. Nf3 d6 3. d4 cxd4 4. Nxd4 Nf6 5. Nc3 a6 6. Be3 e6 7. f3 b5 8. Qd2 Nbd7 9. g4 Nb6 10. O-O-O Nfd7 11. Qf2 Bb7 12. Bd3 b4 13. Nce2 Qc7 14. Kb1 d5 15. Ng3 Bc5 16. h4 Na4 17. Nh5 O-O 18. Nb3 Bd6 19. g5 a5 20. Qd2 Be5 21. Bd4 Bxd4 22. Nxd4 dxe4 23. Bxe4 Bxe4 24. fxe4 Ne5 25. Qf4 Nxb2 26. Nb5 Qc5 27. Kxb2 Qxb5 28. Qg3 Nc4+ 29. Kb1 Qc5 30. Rh2 Rfd8 31. Rg1 Qd4 32. c3 bxc3 33. Nf6+ Kh8 34. Nxh7 c2+ 35. Rxc2 Rab8+ 0-1

[Event "Anderssen Festival 2019"]
[Site "Wroclaw"]
[Date "2019.08.10"]
[Round "8.18"]
[White "Plichta, Krzysztof"]
[Black "Barbier, Astrid"]
[Result "0-1"]
[ECO "B23"]
[WhiteElo "1582"]
[BlackElo "1941"]
[Annotator "NA"]
[PlyCount "142"]
[EventDate "2019.08.05"]
[EventType "swiss"]
[EventCountry "POL"]
[SourceTitle "playchess.com"]
[Source "ChessBase"]
[SourceQuality "1"]
[TimeControl "40/5400+30:900+30"]

1. e4 c5 2. Nc3 a6 3. f4 b5 4. Nf3 Bb7 5. d3 e6 6. g3 d5 7. exd5 exd5 8. Bg2 Nf6 9. O-O Be7 10. Ne2 O-O 11. b3 Re8 12. c4 Bf8 13. Nc3 d4 14. Nb1 Nbd7 15. Re1 Qc7 16. Ne5 Bxg2 17. Nxd7 Qxd7 18. Kxg2 Rxe1 19. Qxe1 Re8 20. Qf1 Ng4 21. h3 Ne3+ 22. Bxe3 dxe3 23. Nc3 Qd4 24. Rc1 b4 25. Ne2 Qxd3 26. Qd1 Qe4+ 27. Kg1 Qe7 28. Qc2 g6 29. Rd1 Rd8 30. Rd5 Bg7 31. Qd3 Rxd5 32. cxd5 Bd4 33. Kg2 a5 34. Kf3 Qd7 35. Qe4 f5 36. Qe6+ Qxe6 37. dxe6 Kf8 38. Ng1 Ke7 39. Ke2 Kxe6 40. Kd3 h6 41. Nf3 Kf6 42. h4 Ke6 43. Ng1 Kd5 44. Ne2 Bf6 45. Nc1 g5 46. fxg5 hxg5 47. h5 f4 48. gxf4 gxf4 49. Ne2 f3 50. Nf4+ Ke5 51. Ng6+ Kf5 52. Kxe3 Kg4 53. Kf2 Bd4+ 54. Kf1 Kxh5 55. Ne7 Kg4 56. Nc6 Kf4 57. Nxa5 Ke4 58. Nc4 Kd3 59. a4 bxa3 60. Nxa3 Kc3 61. Nc4 f2 62. Na5 Kb4 63. Nc4 Kxb3 64. Nd2+ Kc3 65. Ke2 c4 66. Nf3 Ba7 67. Nd2 Kb4 68. Kd1 c3 69. Nf1 Kb3 70. Kc1 Bb8 71. Kb1 c2+ 0-1

[Event "Anderssen Festival 2019"]
[Site "Wroclaw"]
[Date "2019.08.10"]
[Round "8.19"]
[White "Kawalko, Adam"]
[Black "Karnas, Leszek"]
[Result "1-0"]
[ECO "C17"]
[WhiteElo "1920"]
[BlackElo "1806"]
[Annotator "NA"]
[PlyCount "73"]
[EventDate "2019.08.05"]
[EventType "swiss"]
[EventCountry "POL"]
[SourceTitle "playchess.com"]
[Source "ChessBase"]
[SourceQuality "1"]
[TimeControl "40/5400+30:900+30"]

1. e4 e6 2. d4 d5 3. Nc3 Bb4 4. e5 c5 5. a3 cxd4 6. axb4 dxc3 7. Qg4 Kf8 8. Nf3 Qc7 9. Bd3 Nc6 10. Qf4 Nce7 11. Bxh7 f5 12. Bxg8 Kxg8 13. O-O cxb2 14. Bxb2 Bd7 15. Bd4 b6 16. c3 Ng6 17. Qg3 Nf8 18. Ng5 Bb5 19. Rfc1 a6 20. f4 Rh6 21. Qe3 Nd7 22. h3 Re8 23. g4 g6 24. Ra2 Kf8 25. Rg2 Ke7 26. Qg3 Rg8 27. gxf5 gxf5 28. Nxe6 Rxg3 29. Nxc7 Rhxh3 30. Nxd5+ Kf7 31. Rxg3 Rxg3+ 32. Kf2 Rg4 33. Rg1 Rh4 34. Rg5 Bd3 35. Kg3 Rh1 36. Nc7 a5 37. e6+ 1-0

[Event "Anderssen Festival 2019"]
[Site "Wroclaw"]
[Date "2019.08.10"]
[Round "8.20"]
[White "Auwens, Michel"]
[Black "Klonowski, Arkadiusz"]
[Result "0-1"]
[ECO "A08"]
[WhiteElo "1879"]
[BlackElo "1628"]
[Annotator "NA"]
[PlyCount "52"]
[EventDate "2019.08.05"]
[EventType "swiss"]
[EventCountry "POL"]
[SourceTitle "playchess.com"]
[Source "ChessBase"]
[SourceQuality "1"]
[TimeControl "40/5400+30:900+30"]

1. d3 d5 2. g3 Nf6 3. Bg2 g6 4. Nf3 Bg7 5. O-O O-O 6. c3 c5 7. Nbd2 b6 8. e4 Bb7 9. e5 Nfd7 10. e6 fxe6 11. Ng5 Rf6 12. Bh3 Nf8 13. f4 Qd6 14. Qe2 h6 15. Ngf3 Nbd7 16. b3 e5 17. fxe5 Nxe5 18. d4 Nxf3+ 19. Nxf3 g5 20. Ba3 Ng6 21. dxc5 bxc5 22. Qb5 Ba6 23. Qxc5 Qxc5+ 24. Bxc5 Bxf1 25. Rxf1 Rc6 26. Bd4 e5 0-1

[Event "Anderssen Festival 2019"]
[Site "Wroclaw"]
[Date "2019.08.11"]
[Round "9.1"]
[White "Eggink, Ryszard"]
[Black "Butkiewicz, Lukasz"]
[Result "1-0"]
[ECO "B48"]
[WhiteElo "2377"]
[BlackElo "2425"]
[Annotator "NA"]
[PlyCount "77"]
[EventDate "2019.08.05"]
[EventType "swiss"]
[EventCountry "POL"]
[SourceTitle "playchess.com"]
[Source "ChessBase"]
[SourceQuality "1"]
[TimeControl "40/5400+30:900+30"]

1. e4 c5 2. Nf3 e6 3. d4 cxd4 4. Nxd4 Nc6 5. Nc3 Qc7 6. Be3 a6 7. Qf3 Bd6 8. O-O-O Be5 9. Nxc6 bxc6 10. Bd4 Ne7 11. Bxe5 Qxe5 12. Qe3 Rb8 13. f4 Qa5 14. Qd4 f6 15. Bc4 d5 16. Bb3 O-O 17. exd5 cxd5 18. Rhe1 Qc7 19. Na4 Nf5 20. Qf2 Rb4 21. g3 d4 22. Qe2 Re8 23. c3 dxc3 24. bxc3 Rb8 25. Qc4 Qe7 26. g4 Nh6 27. f5 Nf7 28. Qc5 Qxc5 29. Nxc5 Ne5 30. fxe6 Kf8 31. Ba4 Bxe6 32. Bxe8 Rxe8 33. Nxe6+ Rxe6 34. Kc2 h6 35. Rd8+ Kf7 36. h3 Rc6 37. Rb1 Kg6 38. Rb7 Re6 39. a4 1-0

[Event "Anderssen Festival 2019"]
[Site "Wroclaw"]
[Date "2019.08.11"]
[Round "9.2"]
[White "Skliarov, Viktor"]
[Black "Naumkin, Igor"]
[Result "1-0"]
[ECO "C02"]
[WhiteElo "2360"]
[BlackElo "2368"]
[Annotator "NA"]
[PlyCount "89"]
[EventDate "2019.08.05"]
[EventType "swiss"]
[EventCountry "POL"]
[SourceTitle "playchess.com"]
[Source "ChessBase"]
[SourceQuality "1"]
[TimeControl "40/5400+30:900+30"]

1. e4 e6 2. d4 d5 3. e5 c5 4. c3 Nc6 5. Nf3 Qb6 6. a3 Nh6 7. b4 cxd4 8. Bxh6 gxh6 9. cxd4 Bd7 10. Ra2 Rc8 11. Rc2 Bg7 12. Nc3 Ne7 13. Bd3 O-O 14. O-O Rc7 15. Qd2 Rfc8 16. Rfc1 a6 17. g3 Rc6 18. Kg2 Qd8 19. h4 Qf8 20. Ne2 f6 21. exf6 Bxf6 22. Nf4 Rxc2 23. Rxc2 Nc6 24. Qe3 Qf7 25. Rc1 Re8 26. Ne5 Nxe5 27. dxe5 Bd8 28. Qa7 Ba4 29. Be2 Qd7 30. Bh5 Re7 31. Qd4 Rg7 32. Kh2 Bc6 33. Bf3 Qe8 34. Bg2 Re7 35. Bh3 Qf7 36. Bg4 Bd7 37. Re1 Qf8 38. Kg1 Qf7 39. Re3 Bc7 40. Nh5 Qg6 41. Rf3 Rf7 42. Nf6+ Kg7 43. Bh5 Qb1+ 44. Kh2 Qe1 45. Qg4+ 1-0

[Event "Anderssen Festival 2019"]
[Site "Wroclaw"]
[Date "2019.08.11"]
[Round "9.3"]
[White "Nowak, Mikolaj"]
[Black "Gutenev, Alexander"]
[Result "0-1"]
[ECO "A50"]
[WhiteElo "2230"]
[BlackElo "2470"]
[Annotator "ChessBase"]
[PlyCount "200"]
[EventDate "2019.08.05"]
[EventType "swiss"]
[EventCountry "POL"]
[SourceTitle "playchess.com"]
[Source "ChessBase"]
[SourceQuality "1"]
[TimeControl "40/5400+30:900+30"]

1. d4 Nf6 2. c4 b6 3. Nc3 Bb7 4. Qc2 d5 5. cxd5 Nxd5 6. Nf3 g6 7. Bd2 Bg7 8. e4 Nxc3 9. Bxc3 O-O 10. O-O-O Nd7 11. h4 Nf6 12. Bd3 e6 13. Kb1 c5 14. dxc5 Rc8 15. Qe2 Qe7 16. h5 Nxh5 17. Bxg7 Kxg7 18. Qd2 e5 19. Nh4 Nf4 20. g3 Rfd8 21. Qe3 Rxd3 22. Rxd3 Qxc5 23. Qxc5 bxc5 24. Re3 Nd3 25. f3 c4 26. b3 Ba6 27. Rd1 Nb4 28. Rc3 cxb3 29. Rxb3 Nc6 30. Rc1 h5 31. f4 Nd4 32. Rxc8 Nxb3 33. Rd8 Nc5 34. fxe5 Bd3+ 35. Kc1 Bxe4 36. Rc8 Nd3+ 37. Kd2 Nxe5 38. Ke3 Bh1 39. Rc7 a5 40. Kf2 Bd5 41. a3 a4 42. Ng2 Kf6 43. Ne3 Bb3 44. Rc3 Ke6 45. Ke1 g5 46. Kd2 f5 47. Rc8 h4 48. gxh4 Nf3+ 49. Ke2 Nxh4 50. Re8+ Kf6 51. Kf2 Ng6 52. Rc8 Ne5 53. Nc2 f4 54. Nd4 Bd5 55. Rf8+ Nf7 56. Rb8 g4 57. Rb4 g3+ 58. Ke1 g2 59. Ne2 f3 60. Rxa4 fxe2 61. Rg4 Ne5 62. Rxg2 Bxg2 63. Kxe2 Ke6 64. a4 Kd5 65. a5 Kd4 66. a6 Nd3 67. a7 Be4 68. Kd2 Bf3 69. Kc2 Nc5 70. Kb2 Kc4 71. Ka3 Kc3 72. Ka2 Bc6 73. Ka3 Ne6 74. Ka2 Nd4 75. Ka3 Nb5+ 76. Ka2 Nxa7 77. Ka3 Bd7 78. Ka2 Nb5 79. Ka1 Be6 80. Kb1 Na3+ 81. Kc1 Nc2 82. Kb1 Bc4 83. Kc1 Ba2 84. Kd1 Nd4 85. Ke1 Kd3 86. Kf2 Ne2 87. Kf3 Be6 88. Kf2 Bd5 89. Ke1 Ke3 90. Kd1 Bb3+ 91. Ke1 Bc2 92. Kf1 Nf4 93. Ke1 Ng2+ 94. Kf1 Kf3 95. Kg1 Kg3 96. Kf1 Bd3+ 97. Kg1 Nf4 98. Kh1 Bc4 99. Kg1 Nh3+ 100. Kh1 Bd5# 0-1

[Event "Anderssen Festival 2019"]
[Site "Wroclaw"]
[Date "2019.08.11"]
[Round "9.4"]
[White "Lalic, Bogdan"]
[Black "Kareva, Natalia"]
[Result "1-0"]
[ECO "D43"]
[WhiteElo "2411"]
[BlackElo "2135"]
[Annotator "NA"]
[PlyCount "35"]
[EventDate "2019.08.05"]
[EventType "swiss"]
[EventCountry "POL"]
[SourceTitle "playchess.com"]
[Source "ChessBase"]
[SourceQuality "1"]
[TimeControl "40/5400+30:900+30"]

1. d4 e6 2. c4 Nf6 3. Nf3 d5 4. Nc3 c6 5. Bg5 Qa5 6. Bxf6 gxf6 7. e3 Rg8 8. g3 dxc4 9. Bxc4 b5 10. Bd3 f5 11. O-O Nd7 12. e4 f4 13. e5 f5 14. exf6 Nxf6 15. Ne5 b4 16. Ne4 Be7 17. Nxf6+ Bxf6 18. Qh5+ 1-0

[Event "Anderssen Festival 2019"]
[Site "Wroclaw"]
[Date "2019.08.11"]
[Round "9.5"]
[White "Nguyen, Alex Dac-Vuong"]
[Black "Dubinski, Mateusz"]
[Result "0-1"]
[ECO "C78"]
[WhiteElo "2267"]
[BlackElo "2306"]
[Annotator "NA"]
[PlyCount "44"]
[EventDate "2019.08.05"]
[EventType "swiss"]
[EventCountry "POL"]
[SourceTitle "playchess.com"]
[Source "ChessBase"]
[SourceQuality "1"]
[TimeControl "40/5400+30:900+30"]

1. e4 e5 2. Nf3 Nc6 3. Bb5 a6 4. Ba4 Nf6 5. O-O b5 6. Bb3 Bc5 7. Re1 O-O 8. c3 d6 9. a4 Rb8 10. d3 h6 11. Nbd2 Nh5 12. axb5 axb5 13. d4 Bb6 14. dxe5 dxe5 15. Bd5 Qf6 16. Nf1 Ne7 17. Bb3 Ng6 18. Ng3 Nhf4 19. Bc2 Rd8 20. Bd2 Bg4 21. Nf5 Bxf3 22. gxf3 Qg5+ 0-1

[Event "Anderssen Festival 2019"]
[Site "Wroclaw"]
[Date "2019.08.11"]
[Round "9.6"]
[White "Mitchell, Martin"]
[Black "Lugovskoy, Maxim"]
[Result "1/2-1/2"]
[ECO "D43"]
[WhiteElo "2218"]
[BlackElo "2425"]
[Annotator "NA"]
[PlyCount "152"]
[EventDate "2019.08.05"]
[EventType "swiss"]
[EventCountry "POL"]
[SourceTitle "playchess.com"]
[Source "ChessBase"]
[SourceQuality "1"]
[TimeControl "40/5400+30:900+30"]

1. d4 e6 2. c4 d5 3. Nc3 Nf6 4. Nf3 c6 5. Bg5 Nbd7 6. cxd5 exd5 7. Qc2 Be7 8. e3 O-O 9. Bd3 Re8 10. h3 Nf8 11. Bf4 Ng6 12. Bh2 Bd6 13. Bxd6 Qxd6 14. O-O-O b5 15. Kb1 a5 16. g4 a4 17. g5 Nd7 18. h4 Nb6 19. h5 Nf8 20. Ne5 Nc4 21. Bxc4 bxc4 22. g6 fxg6 23. hxg6 h6 24. f4 Qf6 25. e4 a3 26. Ka1 Nxg6 27. Nxg6 Qxg6 28. f5 Qf6 29. exd5 Bxf5 30. Qf2 axb2+ 31. Kxb2 cxd5 32. Rhf1 Rf8 33. Ka1 Qd6 34. Qg2 Be4 35. Nxe4 dxe4 36. Rxf8+ Rxf8 37. Qxe4 Kh8 38. Qe5 Qxe5 39. dxe5 Re8 40. a4 Rxe5 41. Kb2 g5 42. Kc3 Kg7 43. Ra1 Ra5 44. Kb4 Ra8 45. a5 g4 46. Kxc4 h5 47. Kd5 Kg6 48. Ke4 Kg5 49. Ke3 Ra6 50. Kf2 h4 51. Ra4 Kh5 52. Ra1 Rf6+ 53. Kg1 Ra6 54. Kf2 Kg5 55. Ra4 Rc6 56. a6 Rc2+ 57. Kf1 Rc1+ 58. Kf2 g3+ 59. Kg2 Rc2+ 60. Kg1 h3 61. Ra5+ Kf4 62. Ra4+ Ke5 63. Ra1 Rc8 64. a7 Ra8 65. Ra5+ Kd4 66. Ra3 h2+ 67. Kg2 Rh8 68. Ra1 Ra8 69. Kxg3 Rxa7 70. Rd1+ Ke3 71. Re1+ Kd2 72. Rh1 Ke3 73. Re1+ Kd2 74. Rh1 Rg7+ 75. Kxh2 Ke2 76. Ra1 Kf2 1/2-1/2

[Event "Anderssen Festival 2019"]
[Site "Wroclaw"]
[Date "2019.08.11"]
[Round "9.7"]
[White "Piekielny, Pawel"]
[Black "Smal, Tobiasz"]
[Result "0-1"]
[ECO "B96"]
[WhiteElo "1985"]
[BlackElo "2027"]
[Annotator "NA"]
[PlyCount "66"]
[EventDate "2019.08.05"]
[EventType "swiss"]
[EventCountry "POL"]
[SourceTitle "playchess.com"]
[Source "ChessBase"]
[SourceQuality "1"]
[TimeControl "40/5400+30:900+30"]

1. e4 c5 2. Nf3 d6 3. d4 cxd4 4. Nxd4 Nf6 5. Nc3 a6 6. Bg5 e6 7. f4 h6 8. Bh4 Qb6 9. a3 Nc6 10. Bf2 Qc7 11. Be2 Be7 12. Bf3 Bd7 13. Nb3 Na5 14. Nxa5 Qxa5 15. Qe2 Rc8 16. O-O e5 17. f5 O-O 18. Rfd1 Rfd8 19. Be3 Rxc3 20. bxc3 d5 21. exd5 e4 22. Bd4 Bc5 23. Bg4 Qxc3 24. Qd2 Qxd4+ 25. Qxd4 Bxd4+ 26. Rxd4 Nxg4 27. h3 Ne3 28. Rxe4 Nxc2 29. Ra2 Bxf5 30. Re5 Bd3 31. Rb2 b5 32. Kf2 Nxa3 33. Rd2 Nc4 0-1

[Event "Anderssen Festival 2019"]
[Site "Wroclaw"]
[Date "2019.08.11"]
[Round "9.9"]
[White "Piotrowski, Przemyslaw"]
[Black "Barbier, Astrid"]
[Result "1-0"]
[ECO "B20"]
[WhiteElo "2273"]
[BlackElo "1941"]
[Annotator "NA"]
[PlyCount "69"]
[EventDate "2019.08.05"]
[EventType "swiss"]
[EventCountry "POL"]
[SourceTitle "playchess.com"]
[Source "ChessBase"]
[SourceQuality "1"]
[TimeControl "40/5400+30:900+30"]

1. e4 c5 2. b3 Nc6 3. Bb2 e5 4. Bc4 d6 5. Ne2 Nf6 6. Nbc3 g6 7. O-O Bg7 8. d3 O-O 9. h3 a6 10. a4 Na5 11. f4 exf4 12. Nxf4 Nxc4 13. bxc4 Bd7 14. a5 Bc6 15. Nce2 Nh5 16. Bxg7 Nxg7 17. Qd2 f5 18. exf5 Rxf5 19. d4 cxd4 20. Nxd4 Re5 21. Nd3 Re7 22. Rf2 Qd7 23. Raf1 Rae8 24. Qh6 Re4 25. c3 R4e7 26. Rf6 Qd8 27. Nf2 Re1 28. Ng4 Rxf1+ 29. Rxf1 Rf8 30. Qxg7+ Kxg7 31. Ne6+ Kg8 32. Nh6+ Kh8 33. Nxd8 Re8 34. Nxc6 bxc6 35. Nf7+ 1-0

[Event "Anderssen Festival 2019"]
[Site "Wroclaw"]
[Date "2019.08.11"]
[Round "9.10"]
[White "Snihur, Piotr"]
[Black "Krawiecki, Stanislaw"]
[Result "1/2-1/2"]
[ECO "D70"]
[WhiteElo "2256"]
[BlackElo "1923"]
[Annotator "NA"]
[PlyCount "89"]
[EventDate "2019.08.05"]
[EventType "swiss"]
[EventCountry "POL"]
[SourceTitle "playchess.com"]
[Source "ChessBase"]
[SourceQuality "1"]
[TimeControl "40/5400+30:900+30"]

1. d4 Nf6 2. c4 g6 3. f3 d5 4. cxd5 Nxd5 5. e4 Nb6 6. Nc3 Bg7 7. Be3 O-O 8. Qd2 Nc6 9. O-O-O f5 10. e5 Nb4 11. Nh3 Be6 12. b3 N4d5 13. Nf4 Nxf4 14. Bxf4 Nd5 15. h4 h5 16. Nxd5 Bxd5 17. Be2 a5 18. Rhg1 a4 19. b4 a3 20. Kb1 c6 21. Ka1 Qb6 22. Bg5 Rfe8 23. Qc3 e6 24. g4 Ra4 25. Rb1 hxg4 26. fxg4 Be4 27. Bd3 Bxd3 28. Qxd3 Rxb4 29. Rxb4 Qxb4 30. Rb1 Qa5 31. gxf5 exf5 32. Qc4+ Kh7 33. Bf6 Bxf6 34. exf6 Qd5 35. Rxb7+ Kh8 36. Qc3 Re2 37. Rb8+ Kh7 38. Rb7+ Kh8 39. Rb8+ Kh7 40. Rb7+ Kg8 41. f7+ Kg7 42. f8=Q+ Kxf8 43. Qxa3+ c5 44. Qxc5+ Qxc5 45. dxc5 1/2-1/2

[Event "Anderssen Festival 2019"]
[Site "Wroclaw"]
[Date "2019.08.11"]
[Round "9.11"]
[White "Wieczorek, Zbigniew"]
[Black "Kowalczuk, Mikolaj"]
[Result "1-0"]
[ECO "A27"]
[WhiteElo "2235"]
[BlackElo "1942"]
[Annotator "NA"]
[PlyCount "91"]
[EventDate "2019.08.05"]
[EventType "swiss"]
[EventCountry "POL"]
[SourceTitle "playchess.com"]
[Source "ChessBase"]
[SourceQuality "1"]
[TimeControl "40/5400+30:900+30"]

1. c4 e5 2. Nc3 Nc6 3. Nf3 g6 4. g3 Bg7 5. Bg2 f5 6. d3 d6 7. Rb1 a5 8. O-O Nf6 9. Bg5 h6 10. Bxf6 Bxf6 11. Nd5 O-O 12. a3 Bg7 13. b4 axb4 14. axb4 g5 15. b5 Ne7 16. Nd2 Rb8 17. Nb3 b6 18. Nd2 Bb7 19. Nb4 Bxg2 20. Kxg2 g4 21. e4 Qe8 22. Ra1 Rb7 23. Ra2 Qh5 24. Nc6 Qh3+ 25. Kh1 Nxc6 26. bxc6 Rbb8 27. Ra7 f4 28. Rxc7 Rbc8 29. Rxc8 Rxc8 30. Qa4 f3 31. Rg1 Qh5 32. Nf1 Qe8 33. Ne3 Rxc6 34. Nxg4 h5 35. Ne3 Qc8 36. Nf5 Bf8 37. Qd1 b5 38. cxb5 Rb6 39. Qb3+ Kh8 40. Qf7 Rb7 41. Qxh5+ Rh7 42. Qxf3 Qb7 43. Rb1 Rf7 44. b6 Qc6 45. Qh5+ Kg8 46. Qg6+ 1-0